 Dungeon Crawl Stone Soup version 0.25.0-1-g7eea58d2a3 (webtiles) character file.

Game seed: 1762574943745845814

1549 Nixze the Firebug (level 9, -3/64 HPs)
             Began as a Formicid Fire Elementalist on June 14, 2020.
             Was a Follower of Nemelex Xobeh.
             Killed by divine providence
             ... invoked by an orc priest
              (15 damage)
             ... on level 6 of the Dungeon.
             The game lasted 00:23:34 (6042 turns).

Nixze the Firebug (Formicid Fire Elementalist)      Turns: 6042, Time: 00:23:34

Health: -3/64      AC:  5    Str: 14    XL:     9   Next: 12%
Magic:  16/16      EV: 12    Int: 17    God:    Nemelex Xobeh [*.....]
Gold:   154        SH:  0    Dex: 11    Spells: 10/18 levels left

rFire    . . .     SeeInvis +   D - +1 dire flail
rCold    . . .     Gourm    .   (no shield)
rNeg     . . .     Faith    .   B - +2 robe {MR+}
rPois    .         Spirit   .   (helmet unavailable)
rElec    .         Reflect  .   (no cloak)
rCorr    .         Harm     .   (no gloves)
MR       +....                  b - +0 pair of boots
Stlth    ++........             (no amulet)
HPRegen  0.20/turn              (no ring)
MPRegen  0.15/turn              (no ring)

@: no status effects
A: permanent stasis, dig shafts and tunnels, four strong arms, antennae 3
a: Dig, Shaft Self, Draw Escape, Draw Destruction, Draw Summoning, Renounce
Religion


You were on level 6 of the Dungeon.
You worshipped Nemelex Xobeh.
Nemelex Xobeh was aware of your devotion.
You were not hungry.

You visited 1 branch of the dungeon, and saw 6 of its levels.

You collected 214 gold pieces.
You spent 60 gold pieces at shops.

Inventory:

Hand Weapons
 o - a +2 dagger of protection
 x - a +0 flail of protection
 D - a +1 dire flail (weapon)
Missiles
 d - 274 stones (quivered)
 f - 26 poisoned darts
 m - 14 atropa-tipped darts
 r - 3 datura-tipped darts
Armour
 b - a +0 pair of boots (worn)
 l - a +0 kite shield
 s - a +0 leather armour of poison resistance
 B - a +2 robe of magic resistance (worn)
 E - a +2 robe of positive energy
Wands
 G - a wand of enslavement (6)
Scrolls
 e - 2 scrolls of identify
 n - a scroll of blinking
 p - a scroll of random uselessness {unknown}
 q - a scroll of immolation
 t - 2 scrolls of teleportation {unknown}
 v - a scroll of enchant weapon
 y - 3 scrolls of remove curse
 A - a scroll of noise {unknown}
Potions
 a - a potion of mutation {unknown}
 g - a potion of flight
 h - 3 potions of might
 i - a potion of berserk rage
 j - a potion of degeneration
 k - 6 potions of heal wounds
 u - a potion of haste
 z - a potion of brilliance
 C - a potion of invisibility {unknown}
 F - a potion of stabbing {unknown}
Comestibles
 c - 8 rations
 w - 4 chunks of flesh


   Skills:
 + Level 3.3 Fighting
 * Level 2.2 Maces & Flails
 - Level 1.7 Dodging
 - Level 2.4 Stealth
 + Level 3.4 Shields
 * Level 5.0 Spellcasting
 * Level 4.1 Conjurations
 * Level 6.8 Fire Magic
 + Level 3.4 Invocations


You had 10 spell levels left.
You knew the following spells:

 Your Spells              Type           Power        Failure   Level  Hunger
a - Foxfire               Conj/Fire      ###.         1%          1    None
b - Conjure Flame         Conj/Fire      ###.....     4%          3    ###....
c - Sticky Flame          Conj/Fire      ###.....     16%         4    ####...

Your spell library contained the following spells:

 Spells                   Type           Power        Failure   Level  Hunger
 Inner Flame              Hex/Fire       ###.....     11%         3    ###....
 Fireball                 Conj/Fire      ###.......   38%         5    ######.


Dungeon Overview and Level Annotations

Branches:
Dungeon (6/15)             Temple (0/1) D:4

Altars:
Fedhas
Gozag
Nemelex Xobeh
Trog
Wu Jian

Shops:
D:4 ?


Innate Abilities, Weirdness & Mutations

You cannot be hasted, slowed, berserked, paralysed or teleported.
You can dig through walls and to a lower floor.
Your four strong arms can wield two-handed weapons with a shield.
You have a pair of large antennae on your head. (SInv)


Message History

Press: ? - help, Dir - move target cursor, f - orc priest
Aim: an orc priest, wearing a cursed +0 leather armour Attack!
Your killer bee barely misses the orc priest.
Your killer bee closely misses the giant cockroach.
The giant cockroach misses your killer bee.
Something hits your killer bee.
Your killer bee stings the orc priest!
The orc priest closely misses your killer bee.
Your killer bee misses the giant cockroach.
Your killer bee closely misses the orc priest.
Your killer bee closely misses the giant cockroach.
The giant cockroach barely misses your killer bee.
Something completely misses your killer bee.
Your killer bee stings the orc priest but does no damage.
The giant cockroach misses your killer bee.
Your killer bee completely misses the giant cockroach.
The orc priest calls down the wrath of Beogh upon you.
Beogh smites you!
You die...
Your body disappears without a glow.

.......#.#.....................
.......#.#.........####........
.......#.#.........# #........
......!# #######'## #....?...
######## #.# #........ #######
#.# ########. ......# #.#
......# ##.######.#######
......+ ........@........
......# #....####.#######
......# #.. #.# ......# #
...####y####### ......+
......{ys...... ......#
##).###.o...... ####### #
#...s.... { #........ #........


You could see an orc priest, a giant cockroach and 2 friendly killer bees.

Vanquished Creatures
  Eustachio (D:5)
  A phantom (D:6)
  A black bear (D:6)
  A sky beast (D:6)
  An ogre (D:6)
  Blork the orc (D:5)
  2 scorpions (D:6)
  A howler monkey (D:6)
  A crimson imp (D:5)
  A bullfrog zombie (D:3)
  An orc priest (D:3)
  2 bullfrog skeletons (D:6)
  A hound (D:4)
  2 jellies
  5 orc wizards
  Jessica (D:2)
  An iguana (D:4)
  7 worker ants
  A hound skeleton (D:6)
  A worker ant zombie (D:6)
  2 howler monkey skeletons
  2 adders (D:2)
  An ooze (D:3)
  A worm (D:4)
  3 dart slugs
  2 leopard geckos
  14 orcs
  2 ball pythons
  4 giant cockroaches
  12 goblins
  6 hobgoblins
  6 quokkas
  4 bats
  5 frilled lizards
  13 kobolds
  9 rats
119 creatures vanquished.

Vanquished Creatures (collateral kills)
  An ogre (D:5)
  A crimson imp (D:5)
  An orc priest (D:6)
  A quokka (D:6)
4 creatures vanquished.

Vanquished Creatures (others)
  412 foxfires
412 creatures vanquished.

Grand Total: 535 creatures vanquished

Notes
Turn   | Place    | Note
-------+----------+-------------------------------------------
     0 | D:1      | Nixze the Formicid Fire Elementalist began the quest for
                  | the Orb.
     0 | D:1      | Reached XP level 1. HP: 13/13 MP: 3/3
   290 | D:1      | Reached XP level 2. HP: 15/19 MP: 3/5
  1071 | D:2      | Reached skill level 4 in Fire Magic
  1071 | D:2      | Reached XP level 3. HP: 24/24 MP: 4/6
  1073 | D:2      | Noticed Jessica
  1077 | D:2      | Killed Jessica
  1136 | D:2      | Reached XP level 4. HP: 28/30 MP: 2/7
  1435 | D:2      | Reached skill level 5 in Fire Magic
  1435 | D:2      | Reached skill level 1 in Conjurations
  1924 | D:2      | Found an opulent altar of Gozag.
  1925 | D:2      | Found a sparkling altar of Nemelex Xobeh.
  2246 | D:2      | Became a worshipper of Nemelex Xobeh the Trickster
  2288 | D:3      | Found a faded altar of an unknown god.
  2288 | D:3      | Received a gift from Nemelex Xobeh
  2316 | D:3      | Reached XP level 5. HP: 35/35 MP: 3/8
  2727 | D:3      | Learned a level 3 spell: Conjure Flame
  2732 | D:3      | Learned a level 4 spell: Sticky Flame
  2748 | D:3      | Reached skill level 1 in Fighting
  2748 | D:3      | Reached skill level 1 in Invocations
  2748 | D:3      | Reached XP level 6. HP: 36/43 MP: 0/10
  2973 | D:3      | Reached skill level 1 in Shields
  3489 | D:3      | You fall into a shaft and drop 2 floors!
  3489 | D:5      | Entered Level 5 of the Dungeon
  3660 | D:4      | Found Xuewunop's Magic Scroll Shoppe.
  3673 | D:4      | Reached XP level 7. HP: 48/48 MP: 6/11
  3681 | D:4      | Bought a scroll of identify for 24 gold pieces
  3681 | D:4      | Bought a scroll of remove curse for 36 gold pieces
  3718 | D:4      | Found a staircase to the Ecumenical Temple.
  3971 | D:4      | Reached * piety under Nemelex Xobeh
  4001 | D:3      | Received a gift from Nemelex Xobeh
  4253 | D:4      | You fall into a shaft and drop 1 floor!
  4739 | D:5      | Found a blossoming altar of Fedhas.
  4776 | D:5      | Noticed Eustachio
  4796 | D:5      | Killed Eustachio
  4796 | D:5      | Reached skill level 6 in Fire Magic
  4796 | D:5      | Reached XP level 8. HP: 27/56 MP: 12/14
  5335 | D:5      | Noticed Blork the orc
  5347 | D:5      | Killed Blork the orc
  5695 | D:6      | Received a gift from Nemelex Xobeh
  5729 | D:6      | Reached skill level 1 in Maces & Flails
  5904 | D:6      | Reached XP level 9. HP: 38/63 MP: 8/16
  5945 | D:6      | Found an ornate altar of the Wu Jian Council.
  5948 | D:6      | Found a bloodstained altar of Trog.
  5981 | D:6      | Reached skill level 5 in Spellcasting
  6042 | D:6      | Killed from afar by an orc priest

Illustrated notes

Levels and vault maps discovered:
D:1:      sevenhm_arrival_forest_fort_small_4, layout_basic
D:2:      layout_basic, grunt_temple_overflow_opulence, uniq_jessica
D:3:      layout_loops_cross, chequers_ecumenical_altar_simple_redux,
          first_ration
D:4:      layout_cave_pools, minmay_temple_entry_grid, serial_shops, shop
D:5:      layout_loops_ring, basic_altar, uniq_eustachio, uniq_blork_the_orc
D:6:      layout_basic, nicolae_overflow_hidden_temple, gup_sewer_entry_bowl,
          basic_altar

Skill      XL: |  1  2  3  4  5  6  7  8  9 |
---------------+----------------------------+-----
Fire Magic     | 4 5 6 |  6.8
Conjurations   | 1 2 3 4 |  4.1
Fighting       | 1 2 3 |  3.3
Invocations    | 1 2 3 |  3.4
Shields        | 1 2 3 |  3.4
Spellcasting   | 3 4 5 |  5.0
Maces & Flails | 1 2 |  2.2
Dodging        | |  1.7
Stealth        | |  2.4

Action                   |  1- 3 |  4- 6 |  7- 9 || total
-------------------------+-------+-------+-------++-------
Melee: Unarmed           |     5 |       |       ||     5
       Short sword       |     1 |       |       ||     1
       Dagger            |    12 |    14 |       ||    26
       Flail             |       |    12 |    40 ||    52
       Dire flail        |       |       |    45 ||    45
 Cast: Foxfire           |    32 |   104 |   106 ||   242
Invok: Draw Destruction  |       |     4 |     5 ||     9
       Draw Summoning    |       |       |     2 ||     2
 Abil: Dig               |       |     4 |     4 ||     8
  Use: Scroll            |       |       |    10 ||    10
 Stab: Sleeping          |       |       |     1 ||     1
  Eat: Chunk             |     1 |     9 |     8 ||    18
Armor: Robe              |    12 |     9 |    46 ||    67
Dodge: Dodged            |    24 |    26 |    90 ||   140
